 Dungeon Crawl Stone Soup version 0.21.1-1-g345015f (webtiles) character file.

414911 letownia2 the Phalangite (level 23, -15/194 HPs)
             Began as a Merfolk Skald on Mar 13, 2018.
             Was an Elder of Cheibriados.
             Shot with a bolt by a yaktaur captain (27 damage)
             ... on level 5 of the Vaults.
             The game lasted 03:01:09 (21412 turns).

letownia2 the Phalangite (Merfolk Skald)           Turns: 21412, Time: 03:01:11

Health: -15/194    AC: 23    Str: 25    XL:     23   Next: 58%
Magic:  3/35       EV: 20    Int: 27    God:    Cheibriados [****..]
Gold:   2215       SH:  0    Dex: 25    Spells: 6/39 levels left

rFire    + . .     SeeInvis .   a - +9 bardiche (chop)
rCold    + . .     Gourm    .   (shield currently unavailable)
rNeg     + . .     Faith    +   q - +0 gold dragon scales
rPois    +         Spirit   .   Z - +1 helmet
rElec    .         Reflect  .   K - scarf {cloud immunity}
rCorr    .         Harm     .   E - +0 pair of gloves of Yrhoj {Dex+2}
MR       +....                  O - +2 pair of boots
Stlth    ..........             D - amulet of faith
HPRegen  1.42/turn              C - ring of wizardry
MPRegen  0.24/turn              L - ring of positive energy

@: very slightly contaminated, regenerating (expiring), very slow
A: change form in water, swift swim, stealthy swim, clumsy 1, mutation
resistance 1, poison resistance
}: 2/15 runes: decaying, gossamer
a: Bend Time, Temporal Distortion, Slouch, Renounce Religion


You were on level 5 of the Vaults.
You worshipped Cheibriados.
Cheibriados was greatly pleased with you.
You were hungry.

You visited 9 branches of the dungeon, and saw 43 of its levels.
You also visited: Ossuary.

You collected 3793 gold pieces.
You spent 1578 gold pieces at shops.

Inventory:

Hand Weapons
 a - a +9 bardiche of chopping (weapon)
 e - a +7 bardiche of pain
 P - a +2 vampiric lajatang
Armour
 q - +0 gold dragon scales (worn)
 t - a +4 plate armour of magic resistance
 E - the +0 pair of gloves of Yrhoj (worn) {Dex+2}
   (You acquired it on level 4 of the Vaults)

   It affects your dexterity (+2).
 K - a scarf of cloud immunity (worn)
 O - a +2 pair of boots (worn)
 Z - a +1 helmet (worn)
Magical Staves
 w - an uncursed staff of fire
 H - an uncursed staff of air
 Q - an uncursed staff of power
Jewellery
 c - a ring of the Octopus King {MP+9 AC+1 EV+1 Str+1 Int+1 Dex+1}
   (You found it on level 4 of the Depths)

   [ring of magical power]

   It affects your AC (+1).
   It affects your evasion (+1).
   It affects your strength (+1).
   It affects your intelligence (+1).
   It affects your dexterity (+1).
   It affects your magic capacity (+9).
 m - an uncursed ring of protection from cold
 C - a ring of wizardry (left hand)
 D - an amulet of faith (around neck)
 G - an uncursed ring of fire
 L - a ring of positive energy (right hand)
 W - an uncursed ring of resist corrosion
Wands
 I - a wand of digging (27)
Scrolls
 g - 2 scrolls of teleportation
 i - 12 scrolls of identify
 j - a scroll of magic mapping
 l - 13 scrolls of remove curse
 n - a scroll of fear
 v - a scroll of summoning
 x - 7 scrolls of fog
 z - 4 scrolls of immolation
 A - a scroll of blinking
 U - 3 scrolls of holy word
 V - 2 scrolls of silence
 X - a scroll of enchant armour
Potions
 d - a potion of resistance
 f - 2 potions of lignification
 k - 2 potions of heal wounds
 p - 6 potions of might
 r - 5 potions of brilliance
 s - 3 potions of ambrosia
 u - a potion of invisibility
 B - 2 potions of berserk rage
 F - a potion of mutation
 J - 3 potions of cancellation
 M - 11 potions of curing
 R - 3 potions of haste
 T - 6 potions of flight
Miscellaneous
 b - a phial of floods
 o - a lightning rod (4/4)
 y - a phantom mirror
 N - a lamp of fire
Comestibles
 h - 20 rations


   Skills:
 + Level 19.4 Fighting
 - Level 26.7 Polearms
 - Level 8.2 Armour
 - Level 21.9 Dodging
 + Level 8.6 Spellcasting
 - Level 3.0 Conjurations
 - Level 1.2 Hexes
 - Level 15.0 Charms
 - Level 2.7 Necromancy
 - Level 3.1 Translocations
 - Level 2.9 Transmutations
 - Level 2.0 Fire Magic
 - Level 4.1 Air Magic
 - Level 1.6 Earth Magic
 - Level 3.0 Poison Magic
 - Level 11.7 Invocations


You had 6 spell levels left.
You knew the following spells:

 Your Spells              Type           Power        Failure   Level  Hunger
b - Blink                 Tloc           N/A          38%         2    None
c - Conjure Flame         Conj/Fire      ####....     71%         3    None
e - Mephitic Cloud        Conj/Pois/Air  ####....     58%         3    None
g - Regeneration          Chrm/Necr      ######....   9%          3    None
i - Call Imp              Summ           ##......     82%         2    None
k - Animate Skeleton      Necr           N/A          32%         1    None
l - Song of Slaying       Chrm           #######.     1%          2    None
r - Deflect Missiles      Chrm/Air       ######....   95%         6    ######.
s - Sublimation of Blood  Necr           ####......   45%         2    None
t - Shroud of Golubria    Chrm/Tloc      ######....   4%          2    None
v - Poisonous Vapours     Pois/Air       ####..       34%         2    None
w - Passwall              Tmut/Erth      ###.......   52%         2    None
x - Spectral Weapon       Hex/Chrm       ######..     12%         3    None


Dungeon Overview and Level Annotations

Branches:
Dungeon (15/15)            Temple (1/1) D:7            Lair (4/6) D:9
  Swamp (4/4) Lair:3       Spider (4/4) Lair:3          Orc (2/2) D:9
    Elf (3/3) Orc:2        Vaults (5/5) D:13         Depths (5/5) D:15
  Crypt: Vaults:2-3     Zot: Depths:5

Altars:
Ashenzari
Cheibriados
Dithmenos
Elyvilon
Fedhas
Gozag
Hepliaklqana
Kikubaaqudgha
Makhleb
Nemelex Xobeh
Okawaru
Qazlal
Ru
Sif Muna
Trog
Uskayaw
Vehumet
Wu Jian
Xom
Yredelemnul
Zin
The Shining One
Beogh

Shops:
D:6 *   D:8 [   D:10 ?   Orc:2 !*=(   Elf:3 ?*   Vaults:4 ?

Portals:
Hell: Depths:4
Abyss: Depths:4
Pandemonium: Depths:3

Annotations:
D:10 Josephine


Innate Abilities, Weirdness & Mutations

You revert to your normal form in water.
You are very nimble and swift while swimming.
You are very stealthy in the water. (Stealth+)
You are clumsy. (Dex -2)
You are somewhat resistant to further mutation.
Your system is resistant to poisons. (rPois)


Message History

You kill the tentacled monstrosity!
Cheibriados thoroughly appreciates the change of pace.
You kill the titan!
Cheibriados thoroughly appreciates the change of pace.
You can now step out of the time flow.
Cheibriados raises the support of your attributes as your movement slows.
You feel somewhat more hungry.
You can no longer step out of the time flow.
Cheibriados lowers the support of your attributes as your movement quickens.
The deep elf mage moves out of view.
The shadow dragon breathes negative energy at you.
You deflect the bolt of negative energy!
You feel less protected from missiles.
A shadow dragon and a storm dragon come into view.
Unknown command.
Unknown command.
You closely miss the shadow dragon.
The shadow dragon is almost dead.
The yaktaur captain shoots a bolt.
The bolt hits you!!
You die...

#....# ...
#...#....# ..#
#.).#....# .D..
##...#....#.)...
....#....#)....
..††()..)?.....
#####!.)[)[[.####
.......)<<([.....
.....[)@))<[.....
......†[D<[......
......(..)...!...
#####...[.(..####
.....[.....#
###.#....#...
..#....##.D.
##.#..c.# #.


You could see 2 shadow dragons, a storm dragon and a yaktaur captain.

Vanquished Creatures
  A golden dragon (Depths:4)
  the Enchantress (Depths:5)
  A bone dragon (Depths:5)
  Jorgrun (Swamp:4)
  Arachne (Spider:3)
  Rupert (Spider:1)
  3 tentacled monstrosities
  5 liches (Depths:4)
  Asterion (Spider:1)
  A deep elf blademaster (Elf:3)
  2 quicksilver dragons
  2 deep elf master archers (Elf:3)
  2 titans
  3 tengu reavers
  2 sphinxes
  Agnes (D:15)
  3 shadow dragons
  Kirke (Swamp:4)
  8 storm dragons
  Donald (Spider:1)
  Roxanne (Swamp:3)
  3 thorn hunters
  11 fire giants
  A deep elf sorcerer (Elf:3)
  8 frost giants
  A draconian knight (Depths:5)
  5 vault wardens
  4 ghost moths (Spider:4)
  4 emperor scorpions
  Louise (Spider:3)
  6 deep elf elementalists (Elf:3)
  5 ironheart preservers
  17 stone giants
  A very ugly thing (Vaults:4)
  A draconian annihilator (Depths:5)
  A vampire knight (Depths:3)
  6 spriggan defenders
  An entropy weaver (Spider:4)
  A large abomination (Elf:3)
  11 deep elf demonologists
  2 yellow draconians (Depths:5)
  11 deep elf annihilators
  Azrael (Orc:2)
  4 spark wasps
  8 deep elf death magi
  2 merfolk javelineers (Depths:4)
  10 ettins
  Snorg (D:10)
  9 ogre magi
  A crystal guardian (Vaults:4)
  9 great orbs of eyes
  5 fire dragons
  7 yaktaur captains
  33 vault guards
  The ghost of lyrx the Unseen, a journeyman SpEn of Dithmenos (Spider:1)
  Erolcha (Orc:2)
  18 hydras
  4 deep elf high priests
  2 spriggan air magi
  6 rakshasas
  14 ice dragons
  2 ghost crabs (Swamp:4)
  23 two-headed ogres
  4 centaur warriors
  25 dancing weapons
  6 deep troll shamans
  3 tengu warriors
  An anaconda (shapeshifter) (Vaults:5)
  6 deep troll earth magi
  20 deep elf knights
  8 spriggan berserkers
  Sonja (D:10)
  An iron troll (Depths:2)
  2 small abominations
  A hell knight (Depths:3)
  A shadow wraith (Vaults:4)
  2 glowing orange brains
  3 unseen horrors
  A sea snake (shapeshifter) (Depths:4)
  2 flayed ghosts
  5 wizards
  17 deep trolls
  6 swamp dragons (Swamp:4)
  A glowing orange brain (shapeshifter) (Elf:3)
  12 deep elf archers
  4 shambling mangroves
  A harpy (shapeshifter) (Vaults:4)
  A swamp dragon (shapeshifter) (Depths:5)
  2 necromancers
  8 ironbrand convokers
  14 orc knights
  A phantasmal warrior (D:14)
  3 harpies
  22 wolf spiders
  2 orc sorcerers
  A manticore (D:14)
  52 deep elf magi
  An oklob plant (Lair:3)
  12 orb spiders
  A salamander (shapeshifter) (D:13)
  A wolf spider (shapeshifter) (Vaults:4)
  17 ugly things
  3 cyclopes
  2 black mambas (Lair:3)
  A moth of wrath (Spider:4)
  A gargoyle (D:13)
  7 vault sentinels
  4 centaur skeletons
  5 spiny frogs
  A yaktaur (shapeshifter) (Vaults:4)
  2 demonic crawlers
  A kobold demonologist (D:14)
  3 freezing wraiths (Vaults:4)
  2 rime drakes
  An efreet (D:13)
  4 tengu conjurers
  2 komodo dragons
  22 yaktaurs
  5 trolls
  A troll (shapeshifter) (Vaults:4)
  A queen bee (shapeshifter) (Vaults:3)
  A queen bee (Depths:4)
  18 jumping spiders
  24 hornets
  6 dream sheep (Lair:3)
  18 slime creatures
  7 blink frogs
  2 tyrant leeches
  4 bog bodies (Swamp:4)
  8 hippogriffs
  A hippogriff (shapeshifter) (Vaults:5)
  A centaur simulacrum (D:13)
  51 redbacks
  6 water elementals
  3 vampires
  2 shadows
  16 spriggans
  5 wraiths
  3 air elementals
  19 tarantellas
  5 wyverns
  20 yaks
  7 basilisks
  A basilisk (shapeshifter) (Vaults:4)
  5 hogs (Swamp:4)
  Grum (D:11)
  3 hungry ghosts
  4 fire elementals
  15 vampire mosquitoes
  Menkaure (Ossuary)
  11 wargs
  3 insubstantial wisps (Swamp:3)
  5 swamp worms
  6 water moccasins
  An acid dragon (D:14)
  A porcupine (Lair:3)
  5 hell hounds
  46 orc warriors
  A floating eye (Depths:3)
  A black bear (shapeshifter) (Depths:3)
  9 swamp drakes
  A phantom (D:9)
  A black bear (Lair:3)
  4 ice beasts
  A necrophage (D:7)
  A sky beast (D:12)
  23 ogres
  7 wolves
  6 centaurs
  2 crocodiles
  An elf zombie (D:6)
  2 big kobolds (D:8)
  3 earth elementals
  15 bullfrogs
  An elf skeleton (D:6)
  A wyvern skeleton (D:10)
  An elf simulacrum (Vaults:2)
  5 scorpions
  36 killer bees
  8 wights
  2 electric eels
  3 crimson imps
  A bullfrog zombie (D:8)
  11 hounds
  3 jellies (D:8)
  Crazy Yiuf (D:6)
  2 centaur zombies
  12 orc priests
  A bullfrog skeleton (D:9)
  2 iguanas (D:12)
  22 orc wizards
  13 worker ants
  4 hound zombies
  A hound skeleton (D:7)
  3 mummies (Ossuary)
  2 worker ant zombies (D:10)
  14 adders
  3 gnolls (D:5)
  6 oozes
  An adder skeleton (D:4)
  3 worms
  2 dart slugs
  2 leopard geckos
  110 orcs
  5 giant cockroaches
  A gnoll zombie (Ossuary)
  3 goblins
  6 hobgoblins
  4 jackals
  3 quokkas
  5 bats
  4 frilled lizards
  4 gnoll skeletons (Ossuary)
  3 goblin zombies (Ossuary)
  3 hobgoblin skeletons (Ossuary)
  3 hobgoblin zombies (Ossuary)
  7 kobolds
  3 kobold skeletons (Ossuary)
  4 kobold zombies (Ossuary)
  A leopard gecko zombie (D:8)
  2 orc skeletons (Ossuary)
  2 orc zombies (Ossuary)
  A quokka zombie (D:7)
  4 rats
  3 rat skeletons (Ossuary)
  2 rat zombies (Ossuary)
  A briar patch (Swamp:4)
  4 crawling corpses
  6 spectral weapons
1416 creatures vanquished.

Vanquished Creatures (collateral kills)
  An ironheart preserver (Vaults:4)
  5 hydras (Swamp:4)
  A vault guard (D:13)
  A swamp dragon (Swamp:4)
  A spiny frog (Swamp:4)
  2 bog bodies (Swamp:4)
  A redback (Spider:3)
  2 swamp worms (Swamp:4)
  A swamp drake (Swamp:4)
  2 killer bees (D:10)
17 creatures vanquished.

Vanquished Creatures (others)
  A boggart (Depths:4)
  2 gnoll zombies (Ossuary)
  2 gnoll skeletons (Ossuary)
  4 goblin skeletons (Ossuary)
  A goblin zombie (Ossuary)
  A hobgoblin skeleton (Ossuary)
  2 hobgoblin zombies (Ossuary)
  A kobold skeleton (Ossuary)
  2 kobold zombies (Ossuary)
  An orc skeleton (Ossuary)
  An orc zombie (Ossuary)
  A rat skeleton (Ossuary)
  2 rat zombies (Ossuary)
  A plant (Depths:5)
  29 spectral weapons
51 creatures vanquished.

Grand Total: 1484 creatures vanquished

Notes
Turn   | Place    | Note
-------+----------+-------------------------------------------
     0 | D:1      | letownia2 the Merfolk Skald began the quest for the Orb.
     0 | D:1      | Reached XP level 1. HP: 16/16 MP: 3/3
   197 | D:1      | Reached skill level 4 in Polearms
   197 | D:1      | Reached XP level 2. HP: 21/22 MP: 0/5
   220 | D:1      | Learned a level 2 spell: Shroud of Golubria
   296 | D:2      | Found a faded altar of an unknown god.
   358 | D:2      | Reached skill level 1 in Translocations
   368 | D:2      | Reached XP level 3. HP: 4/27 MP: 0/6
   383 | D:2      | HP: 1/27 [poisoned by an adder]
   428 | D:2      | Learned a level 3 spell: Spectral Weapon
   507 | D:2      | Reached skill level 1 in Hexes
   625 | D:3      | Reached XP level 4. HP: 33/33 MP: 1/7
   705 | D:5      | Entered Level 5 of the Dungeon
   913 | D:3      | Found a sacrificial altar of Ru.
  1157 | D:4      | Reached XP level 5. HP: 24/38 MP: 2/9
  1162 | D:4      | Learned a level 3 spell: Regeneration
  1351 | D:4      | Got a scorched spear
  1355 | D:4      | Identified the +7 spear "Alunoar" {freeze, SInv Stlth+} (You found it on level 4 of the Dungeon)
  1567 | D:6      | You fall through a shaft for 3 floors!
  1569 | D:9      | Found a staircase to the Lair.
  1599 | D:9      | Noticed a hungry ghost
  1608 | D:9      | Killed a hungry ghost
  1608 | D:9      | Reached skill level 6 in Polearms
  1608 | D:9      | Reached XP level 6. HP: 44/44 MP: 5/10
  1615 | D:9      | Learned a level 2 spell: Blink
  1639 | D:9      | Reached skill level 7 in Polearms
  1658 | D:9      | Reached skill level 8 in Polearms
  1707 | D:9      | Reached XP level 7. HP: 48/50 MP: 3/11
  1754 | D:9      | Reached skill level 9 in Polearms
  1757 | D:9      | Reached skill level 10 in Polearms
  1772 | D:9      | Learned a level 1 spell: Animate Skeleton
  1879 | D:9      | Reached XP level 8. HP: 51/56 MP: 4/12
  1881 | D:9      | Reached skill level 11 in Polearms
  1934 | D:9      | Found a glowing silver altar of Zin.
  2064 | D:8      | Noticed a troll
  2073 | D:8      | Killed a troll
  2073 | D:8      | Reached skill level 12 in Polearms
  2091 | D:8      | Noticed a hippogriff
  2101 | D:8      | Killed a hippogriff
  2101 | D:8      | Reached skill level 1 in Necromancy
  2133 | D:7      | Noticed a hippogriff
  2145 | D:7      | Killed a hippogriff
  2155 | D:6      | Found Sipnolato's Superlative Supplies.
  2172 | D:6      | Bought a scarf of cloud immunity for 70 gold pieces
  2219 | D:6      | Noticed a troll
  2231 | D:6      | Learned a level 3 spell: Conjure Flame
  2248 | D:6      | Reached skill level 5 in Spellcasting
  2248 | D:6      | Reached XP level 9. HP: 56/61 MP: 5/16
  2253 | D:6      | Found a sand-covered staircase.
  2262 | Ossuary  | Entered an ossuary
  2278 | Ossuary  | Learned a level 2 spell: Song of Slaying
  2515 | Ossuary  | Noticed Menkaure
  2521 | Ossuary  | Killed Menkaure
  2668 | D:5      | Reached skill level 1 in Conjurations
  2736 | D:6      | Reached skill level 1 in Fire Magic
  2801 | D:6      | Found an opulent altar of Gozag.
  2801 | D:6      | Found a deep blue altar of Sif Muna.
  2842 | D:6      | Killed a troll
  2842 | D:6      | Reached skill level 1 in Armour
  2956 | D:6      | Found a sparkling altar of Nemelex Xobeh.
  2987 | D:6      | Found a runed door.
  2991 | D:6      | Noticed Crazy Yiuf
  2996 | D:6      | Killed Crazy Yiuf
  3118 | D:6      | Learned a level 3 spell: Mephitic Cloud
  3222 | D:7      | Reached skill level 1 in Poison Magic
  3246 | D:7      | Reached skill level 1 in Air Magic
  3264 | D:7      | Found a staircase to the Ecumenical Temple.
  3278 | Temple   | Entered the Ecumenical Temple
  3450 | D:7      | Found an iron altar of Okawaru.
  3453 | D:7      | Found a snail-covered altar of Cheibriados.
  3467 | D:7      | Became a worshipper of Cheibriados the Contemplative
  3475 | D:7      | Found a shattered altar of Ashenzari.
  3478 | D:7      | Found a basalt altar of Yredelemnul.
  3499 | D:7      | Reached XP level 10. HP: 71/71 MP: 16/19
  3538 | D:8      | Found Ticzess's Antique Armour Shop.
  3546 | D:8      | Reached skill level 5 in Dodging
  3638 | D:10     | Entered Level 10 of the Dungeon
  3673 | D:10     | Reached * piety under Cheibriados
  3695 | D:10     | Noticed Josephine
  3706 | D:10     | Reached skill level 5 in Fighting
  3771 | D:10     | Noticed Sonja
  3810 | D:10     | Reached ** piety under Cheibriados
  3841 | D:10     | Noticed Snorg
  3866 | D:10     | Killed Snorg
  3976 | D:10     | Found Dekkex's Magic Scroll Boutique.
  3987 | D:10     | Learned a level 2 spell: Passwall
  4028 | D:10     | Reached skill level 1 in Transmutations
  4085 | D:10     | Killed Sonja
  4085 | D:10     | Reached skill level 1 in Earth Magic
  4085 | D:10     | Reached XP level 11. HP: 84/84 MP: 14/21
  4098 | D:10     | Reached *** piety under Cheibriados
  4306 | D:8      | Noticed a two-headed ogre
  4311 | D:8      | Killed a two-headed ogre
  4311 | D:8      | Reached **** piety under Cheibriados
  4311 | D:8      | Reached skill level 5 in Invocations
  4510 | D:9      | Noticed a two-headed ogre
  4525 | D:9      | Killed a two-headed ogre
  4579 | D:11     | Noticed Grum
  4583 | D:11     | Noticed a green ugly thing
  4596 | D:11     | Killed Grum
  4601 | D:11     | Killed a green ugly thing
  4601 | D:11     | Reached ***** piety under Cheibriados
  4620 | D:11     | Got an iridescent mace {crush}
  4621 | D:11     | Identified the cursed +1 mace of Dim Light {crush, Int+4 Stlth+} (You took it off an orc on level 11 of the Dungeon)
  4674 | D:11     | Noticed an unseen horror
  4686 | D:11     | Killed an unseen horror
  4877 | D:12     | Found a glowing silver altar of Zin.
  4902 | D:11     | Noticed an unseen horror
  4913 | D:11     | Killed an unseen horror
  5053 | D:11     | Noticed a cyan ugly thing
  5058 | D:11     | Killed a cyan ugly thing
  5058 | D:11     | Reached skill level 10 in Invocations
  5084 | D:11     | Reached XP level 12. HP: 78/91 MP: 16/22
  5186 | D:12     | Noticed a two-headed ogre
  5201 | D:12     | Killed a two-headed ogre
  5327 | D:12     | Reached ****** piety under Cheibriados
  5752 | D:9      | Found a staircase to the Orcish Mines.
  5765 | D:9      | Learned a level 2 spell: Call Imp
  5766 | Orc:1    | Entered Level 1 of the Orcish Mines
  5771 | Orc:1    | Found a roughly hewn altar of Beogh.
  5834 | Orc:2    | Entered Level 2 of the Orcish Mines
  5900 | Orc:2    | Noticed Azrael
  5908 | Orc:2    | Killed Azrael
  5908 | Orc:2    | Reached skill level 13 in Polearms
  5909 | Orc:2    | Found a staircase to the Elven Halls.
  6067 | Orc:2    | Reached skill level 14 in Polearms
  6215 | Orc:2    | Reached skill level 15 in Polearms
  6306 | Orc:2    | Found Tiatoj's Distillery.
  6306 | Orc:2    | Found Lupeanepa's Assorted Antiques.
  6392 | Orc:2    | Found a roughly hewn altar of Beogh.
  6424 | Orc:2    | Reached skill level 16 in Polearms
  6487 | Orc:2    | Reached XP level 13. HP: 69/96 MP: 8/23
  6661 | Orc:2    | Found Zamachio's Jewellery Shop.
  6661 | Orc:2    | Found Opne's Weapon Shoppe.
  6668 | Orc:2    | Bought a +5 bardiche of chopping for 648 gold pieces
  6683 | Orc:2    | Noticed Erolcha
  6688 | Orc:2    | Killed Erolcha
  7086 | D:13     | Reached skill level 17 in Polearms
  7217 | D:14     | Found a stormy altar of Qazlal.
  7613 | D:14     | Reached skill level 18 in Polearms
  7707 | D:13     | Reached skill level 5 in Charms
  7725 | D:13     | Noticed a vault guard
  7725 | D:13     | Noticed a vault guard
  7730 | D:13     | Noticed a vault guard
  7732 | D:13     | Killed a vault guard
  7733 | D:13     | Noticed a vault guard
  7746 | D:13     | Killed a vault guard
  7763 | D:13     | Killed a vault guard
  7767 | D:13     | Reached skill level 19 in Polearms
  7768 | D:13     | Killed a vault guard
  7819 | D:13     | Found a gate to the Vaults.
  8022 | Orc:2    | Bought a potion of heal wounds for 80 gold pieces
  8109 | Lair:1   | Entered Level 1 of the Lair of Beasts
  8229 | Lair:3   | Reached XP level 14. HP: 105/105 MP: 24/24
  8281 | Lair:3   | Reached skill level 10 in Dodging
  8527 | Lair:3   | Found a staircase to the Swamp.
  8557 | Swamp:1  | Entered Level 1 of the Swamp
  8577 | Swamp:2  | Noticed a thorn hunter
  8590 | Swamp:1  | Killed a thorn hunter
  8714 | Swamp:2  | Reached skill level 10 in Fighting
  8802 | Swamp:3  | Noticed a thorn hunter
  8829 | Swamp:3  | Killed a thorn hunter
  8836 | Swamp:3  | Noticed Roxanne
  8861 | Swamp:3  | Killed Roxanne
  8987 | Swamp:4  | Entered Level 4 of the Swamp
  9119 | Swamp:3  | Noticed Kirke
  9169 | Swamp:3  | Noticed a sphinx
  9182 | Swamp:4  | Killed Kirke
  9348 | Swamp:4  | Reached skill level 5 in Armour
  9404 | Swamp:4  | Reached XP level 15. HP: 79/115 MP: 22/25
  9641 | Swamp:4  | Noticed a thorn hunter
  9661 | Swamp:4  | Killed a thorn hunter
  9732 | Swamp:4  | Noticed Jorgrun
  9758 | Swamp:4  | Killed Jorgrun
 10219 | Swamp:4  | Got a decaying rune of Zot
 10701 | Lair:3   | Found a hole to the Spider Nest.
 10723 | Spider:1 | Entered Level 1 of the Spider Nest
 10726 | Spider:1 | Noticed Asterion
 10748 | Spider:1 | Noticed a cacodemon
 10748 | Spider:1 | Gained mutation: You are dopey. (Int -2) [a cacodemon]
 10750 | Spider:1 | Killed Asterion
 10750 | Spider:1 | Reached skill level 20 in Polearms
 10750 | Spider:1 | Reached XP level 16. HP: 74/122 MP: 3/27
 10814 | Spider:1 | Noticed Rupert
 10830 | Spider:1 | Noticed Donald
 10883 | Spider:1 | Noticed lyrx's ghost (journeyman SpEn)
 10918 | Spider:1 | Killed lyrx's ghost
 11004 | Spider:1 | Killed Rupert
 11006 | Spider:1 | Killed Donald
 11006 | Spider:1 | Reached skill level 21 in Polearms
 11640 | Spider:3 | Noticed Arachne
 11640 | Spider:3 | Noticed Louise
 11641 | Spider:3 | Reached skill level 22 in Polearms
 11647 | Spider:3 | Killed Louise
 11651 | Spider:3 | Killed Arachne
 11693 | Spider:4 | Entered Level 4 of the Spider Nest
 11903 | Spider:4 | Learned a level 2 spell: Poisonous Vapours
 12062 | Spider:4 | Reached skill level 23 in Polearms
 12229 | Spider:4 | Reached skill level 24 in Polearms
 12229 | Spider:4 | Reached XP level 17. HP: 121/128 MP: 28/28
 12306 | Spider:4 | Reached XP level 18. HP: 134/134 MP: 23/29
 12569 | Spider:4 | Got a gossamer rune of Zot
 12736 | Lair:2   | Reached skill level 25 in Polearms
 12948 | Vaults:1 | Entered Level 1 of the Vaults
 13239 | Vaults:3 | Reached skill level 26 in Polearms
 13787 | Vaults:2 | Reached XP level 19. HP: 108/144 MP: 22/30
 13962 | Vaults:4 | Got an ebony quarterstaff
 13963 | Vaults:4 | Identified the +9 quarterstaff of Distant Worlds {freeze, rC+} (You found it on level 4 of the Vaults)
 14217 | Vaults:4 | Found Laitodd's Magic Scroll Shoppe.
 14225 | Vaults:4 | Bought a scroll of acquirement for 780 gold pieces
 14226 | Vaults:4 | Got a pair of pitted gloves
 14237 | Vaults:4 | Identified the +0 pair of gloves of Yrhoj {Dex+2} (You acquired it on level 4 of the Vaults)
 14794 | Elf:1    | Entered Level 1 of the Elven Halls
 14993 | Elf:1    | Reached skill level 15 in Dodging
 15280 | Elf:3    | Entered Level 3 of the Elven Halls
 15338 | Elf:3    | Found Hekareza's Magic Scroll Shoppe.
 15378 | Elf:3    | Found Dicaliej's Assorted Antiques.
 15625 | Elf:3    | Noticed a Hell Sentinel
 15712 | Elf:2    | Reached XP level 20. HP: 136/159 MP: 24/31
 15984 | Elf:2    | Found a runed gate.
 15984 | Elf:2    | Found a runed gate.
 15984 | Elf:2    | Found a runed gate.
 16200 | Elf:2    | Reached skill level 15 in Fighting
 16569 | Elf:3    | Noticed a Brimstone Fiend
 16652 | Elf:3    | Identified the Grimoire of Fire and the Frostbite
 16682 | Elf:3    | Identified the cursed +0 large shield "Setipt" {MP+9 Int+2} (You took it off a deep elf demonologist on level 3 of the Elven Halls)
 16697 | Elf:3    | Identified the amulet of Qinofafial {Spirit rPois rN+ Slay+2} (You took it off a deep elf annihilator on level 3 of the Elven Halls)
 16753 | Elf:3    | Identified the Catalogue of Lethal Shape Shifting
 16769 | Elf:3    | Identified the +1 scale mail of the Three of Wands {rPois rF- rN+++ Dex-4} (You found it on level 3 of the Elven Halls)
 17153 | Vaults:3 | Learned a level 6 spell: Deflect Missiles
 17555 | Vaults:5 | Entered Level 5 of the Vaults
 17558 | Vaults:5 | Reached skill level 10 in Charms
 17559 | Vaults:5 | Reached XP level 21. HP: 59/170 MP: 5/32
 18095 | Vaults:4 | Lost mutation: You are dopey. (Int -2) [potion of mutation]
 18095 | Vaults:4 | Gained mutation: You are clumsy. (Dex -2) [potion of mutation]
 18095 | Vaults:4 | Gained mutation: Your system is resistant to poisons. (rPois) [potion of mutation]
 18095 | Vaults:4 | Gained mutation: You are somewhat resistant to further mutation. [potion of mutation]
 18285 | D:15     | Entered Level 15 of the Dungeon
 18338 | D:15     | Found a staircase to the Depths.
 18343 | D:15     | Noticed Agnes
 18350 | D:15     | Killed Agnes
 18413 | Depths:1 | Entered Level 1 of the Depths
 18785 | Depths:3 | Found a one-way gate leading to the halls of Pandemonium.
 19141 | Depths:3 | Reached skill level 15 in Charms
 19455 | Depths:3 | Found a shattered altar of Ashenzari.
 19525 | Depths:5 | Entered Level 5 of the Depths
 19545 | Depths:5 | Reached XP level 22. HP: 164/178 MP: 29/33
 19765 | Depths:4 | Found a runed door.
 19778 | Depths:4 | Noticed a golden dragon
 19799 | Depths:4 | Killed a golden dragon
 19828 | Depths:4 | Found the ring of the Octopus King
 19985 | Depths:4 | Identified a ring of the Octopus King {MP+9 AC+1 EV+1 Str+1 Int+1 Dex+1} (You found it on level 4 of the Depths)
 19988 | Depths:4 | Found a gateway to Hell.
 19996 | Depths:4 | Found a one-way gate to the infinite horrors of the Abyss.
 20006 | Depths:4 | Learned a level 2 spell: Sublimation of Blood
 20234 | Depths:5 | Noticed the Enchantress
 20254 | Depths:5 | Killed the Enchantress
 20256 | Depths:5 | Identified the +1 faerie dragon scales {rPois MR- rCorr MP+1 Dex+2} (You took it off the Enchantress on level 5 of the Depths)
 20344 | Depths:5 | Reached XP level 23. HP: 56/191 MP: 0/34
 20842 | Depths:4 | Got a shimmering amethyst amulet
 20843 | Depths:4 | Identified the amulet "Fapyn" {Inacc *Contam +Fly Dex+6} (You found it on level 4 of the Depths)
 21412 | Vaults:5 | Shot with a bolt by a yaktaur captain

Skill      XL: |  1  2  3  4  5  6  7  8  9 10 11 12 13 14 15 16 17 18 19 20 21 22 23 |
---------------+----------------------------------------------------------------------+-----
Polearms       | 4 6 8 10 12 16 19 20 24 26 | 26.7
Translocations | 1 2 3 |  3.1
Hexes          | 1 |  1.2
Charms         | 4 5 7 8 11 15 | 15.0
Spellcasting   | 3 5 6 7 8 |  8.6
Necromancy     | 2 |  2.7
Conjurations   | 1 2 3 |  3.0
Fire Magic     | 1 2 |  2.0
Armour         | 2 3 5 8 |  8.2
Dodging        | 4 8 9 11 13 16 18 21 | 21.9
Fighting       | 4 7 8 10 11 14 15 16 18 19 | 19.4
Poison Magic   | 1 2 3 |  3.0
Air Magic      | 1 2 4 |  4.1
Transmutations | 2 |  2.9
Earth Magic    | 1 |  1.6
Invocations    | 2 10 11 | 11.7

Action                   |  1- 3 |  4- 6 |  7- 9 | 10-12 | 13-15 | 16-18 | 19-21 | 22-24 || total
-------------------------+-------+-------+-------+-------+-------+-------+-------+-------++-------
Melee: Spear             |   129 |   129 |   232 |   804 |   102 |       |       |       ||  1396
       Tailslap          |     2 |       |       |       |    37 |    12 |       |     2 ||    53
       Halberd           |       |       |       |    22 |   118 |       |       |       ||   140
       Bardiche          |       |       |       |       |   541 |   541 |   823 |   399 ||  2304
 Fire: Blowgun           |       |       |       |       |     3 |     4 |       |       ||     7
Throw: Javelin           |       |       |       |     2 |     2 |     3 |       |       ||     7
 Cast: Infusion          |     7 |     1 |       |       |       |       |       |       ||     8
       Shroud of Golubri |     8 |    20 |    22 |     5 |    18 |     3 |     4 |       ||    80
       Spectral Weapon   |       |     5 |    14 |    21 |    17 |    27 |    30 |    13 ||   127
       Regeneration      |       |       |     3 |    13 |    56 |    36 |    81 |    28 ||   217
       Conjure Flame     |       |       |     8 |    24 |    21 |    10 |     5 |       ||    68
       Mephitic Cloud    |       |       |     1 |    30 |    32 |    37 |    20 |     4 ||   124
       Blink             |       |       |     1 |     7 |    12 |    11 |    13 |       ||    44
       Song of Slaying   |       |       |       |     5 |     9 |    11 |    14 |     1 ||    40
       Passwall          |       |       |       |    10 |    17 |     6 |    28 |     5 ||    66
       Animate Skeleton  |       |       |       |       |    17 |       |       |       ||    17
       Poisonous Vapours |       |       |       |       |       |     1 |       |       ||     1
       Deflect Missiles  |       |       |       |       |       |       |     1 |     3 ||     4
Invok: Slouch            |       |       |       |     2 |     7 |     4 |    16 |    16 ||    45
       Temporal Distorti |       |       |       |       |       |     3 |       |       ||     3
Evoke: Wand              |       |       |    12 |     6 |     1 |     3 |     8 |     1 ||    31
       Lightning rod     |       |       |       |       |       |     7 |     1 |       ||     8
       Phantom mirror    |       |       |       |       |       |     1 |       |       ||     1
  Use: Potion            |     3 |       |       |     3 |     5 |     5 |     3 |       ||    19
       Scroll            |       |       |    14 |     6 |    15 |     9 |    16 |     9 ||    69
 Stab: Sleeping          |       |     2 |     7 |     7 |       |       |     1 |     1 ||    18
       Confused          |       |       |     1 |    37 |    22 |    24 |    18 |     1 ||   103
       Paralysed         |       |       |     1 |       |       |       |       |       ||     1
       Distracted        |       |       |       |     2 |     4 |     4 |     5 |     7 ||    22
       Invisible         |       |       |       |       |       |       |     2 |       ||     2
  Eat: Chunk             |       |     5 |     9 |     9 |    11 |     9 |    13 |     5 ||    61
       Ration            |       |       |       |       |       |       |     1 |     1 ||     2
Armor: Leather armour    |    20 |    18 |    20 |       |       |       |       |       ||    58
       Ring mail         |       |       |     9 |    68 |       |       |       |       ||    77
       Chain mail        |       |       |       |       |   121 |       |       |       ||   121
       Plate armour      |       |       |       |       |   116 |    46 |   198 |    97 ||   457
       Swamp dragon scal |       |       |       |       |    22 |    88 |       |       ||   110
       Gold dragon scale |       |       |       |       |       |       |       |    33 ||    33
Dodge: Dodged            |    55 |    51 |    44 |   325 |   771 |   535 |   534 |   352 ||  2667
       Deflected         |       |       |       |       |       |       |     3 |    33 ||    36
